 Dungeon Crawl Stone Soup version 0.21.0-3-g78d12a8 (console) character file.

2366 removed the Destroyer (level 9, 0/71 HPs)
             Began as a Centaur Wizard on Jan 11, 2018.
             Was an Initiate of Vehumet.
             Splashed by an orc warrior's acid (10 damage)
             ... on level 8 of the Dungeon.
             The game lasted 00:18:21 (9102 turns).

removed the Destroyer (Centaur Wizard)              Turns: 9102, Time: 00:18:22

Health: 0/71       AC:  5    Str: 10    XL:     9   Next: 21%
Magic:  9/16       EV:  9    Int: 20    God:    Vehumet [......]
Gold:   485        SH:  5    Dex:  8    Spells: 9/18 levels left

rFire    . . .     SeeInvis +   b - +2 trident (protect)
rCold    . . .     Gourm    .   (no shield)
rNeg     . . .     Faith    .   o - +0 robe
rPois    .         Spirit   .   S - +0 hat
rElec    .         Reflect  +   V - +0 cloak
rCorr    .         Harm     .   (no gloves)
MR       .....                  (no barding)
Stlth    +.........             C - +5 amulet of reflection
HPRegen  0.21/turn              w - ring of see invisible
MPRegen  0.15/turn              (no ring)

@: very quick
A: large, hooves 3, deformed body, speed 2, tough skin 3
a: Renounce Religion


You were on level 8 of the Dungeon.
You worshipped Vehumet.
Vehumet was noncommittal.
You were hungry.

You visited 2 branches of the dungeon, and saw 9 of its levels.
You also visited: Sewer.

You collected 485 gold pieces.

Inventory:

Hand Weapons
 a - a +1 hand axe of electrocution
 b - a +2 trident of protection (weapon)
 h - a +0 club
 j - a +0 hand axe
 y - a +0 trident
 B - a +0 short sword of venom
 L - a +2 rapier of draining
Missiles
 r - 6 silver javelins (quivered)
 G - 3 throwing nets
 Q - 8 javelins
Armour
 o - a +0 robe (worn)
 S - a +0 hat (worn)
 V - a +0 cloak (worn)
Jewellery
 w - a ring of see invisible (left hand)
 C - a +5 amulet of reflection (around neck)
 O - an uncursed ring of ice
Scrolls
 p - a scroll of immolation {unknown}
 s - a scroll of noise {unknown}
 v - a scroll of magic mapping {unknown}
 A - 2 scrolls of random uselessness {unknown}
 E - 3 scrolls of remove curse {unknown}
 H - a scroll of enchant weapon {unknown}
 K - 2 scrolls of enchant armour {unknown}
 T - a scroll of identify
Potions
 g - 2 potions of lignification
 l - 2 potions of magic
 m - 3 potions of curing
 n - a potion of invisibility
 t - a potion of might
 u - a potion of cancellation
 x - a potion of berserk rage {unknown}
 F - a potion of haste {unknown}
 J - a potion of mutation {unknown}
 P - 2 potions of heal wounds
 U - a potion of brilliance {unknown}
Books
 c - a book of Minor Magic

   Spells                             Type                      Level
   a - Magic Dart                     Conjuration                  1
   b - Blink                          Translocation                2
   c - Call Imp                       Summoning                    2
   d - Slow                           Hexes                        2
   e - Conjure Flame                  Conjuration/Fire             3
   f - Mephitic Cloud                 Conjuration/Poison/Air       3
 N - a book of Debilitation

   Spells                             Type                      Level
   a - Corona                         Hexes                        1
   b - Slow                           Hexes                        2
   c - Inner Flame                    Hexes/Fire                   3
   d - Portal Projectile              Hexes/Translocation          3
   e - Cause Fear                     Hexes                        4
   f - Leda's Liquefaction            Hexes/Earth                  4
Comestibles
 d - 17 rations
 W - 2 chunks of flesh


   Skills:
 + Level 4.0 Fighting
 - Level 1.3 Dodging
 - Level 1.1 Stealth
 - Level 5.0 Spellcasting
 - Level 9.3 Conjurations
   Level 0.8 Summonings
 - Level 0.8 Translocations


You had 9 spell levels left.
You knew the following spells:

 Your Spells              Type           Power        Failure   Level  Hunger
a - Magic Dart            Conj           ####         1%          1    None
b - Conjure Flame         Conj/Fire      ###.....     4%          3    ##.....
l - Blink                 Tloc           N/A          12%         2    None
m - Mephitic Cloud        Conj/Pois/Air  ###.....     10%         3    ##.....


Dungeon Overview and Level Annotations

Branches:
Dungeon (8/15)             Temple (1/1) D:5
   Lair: D:8-11

Altars:
Cheibriados
Dithmenos
Fedhas
Gozag
Hepliaklqana
Makhleb
Nemelex Xobeh
Okawaru
Qazlal
Ru
Sif Muna
Trog
Uskayaw
Vehumet
Xom
Yredelemnul
Zin
The Shining One

Shops:
D:2 *

Annotations:
D:8 Erica, Pikel


Innate Abilities, Weirdness & Mutations

You have hooves in place of feet.
Armour fits poorly on your strangely shaped body.
You cover ground very quickly.
You have extremely tough skin. (AC +3)


Message History

Press: ? - help, Shift-Dir - straight line, f/p - Erica
Aim: Erica, wielding a scimitar of flaming and wearing a runed robe (almost dead)
The magic dart hits Erica.
Erica is almost dead.
Erica closely misses you.
Unknown command.
Casting: Magic Dart
Confirm with . or Enter, or press ? or * to list all spells.
Aiming: Magic Dart
Press: ? - help, Shift-Dir - straight line, f/p - Erica
Aim: Erica, wielding a scimitar of flaming and wearing a runed robe (almost dead)
The magic dart hits Erica.
Erica is almost dead.
Unknown command.
You are feeling hungry.
The orc warrior shouts!
The orc warrior zaps a wand.
The bolt of acid hits you!
* * * LOW HITPOINT WARNING * * *
You are splashed with acid!
The acid burns!
You die...

... ... #.# ..#
#.#...# #
#.#...#.# #. #.
#.#..[#.# O#.##.
#.......# .....
#.[..o.#
.....###@#....#
.......@....# #
###.#...)..##.####
##.#..#.#........
#.
#...>........####
#.##.##.#####.###
#.........# .#
#.......#.# .#
#.##.##.#)# .#
#....#.# .#


You could see Erica and an orc warrior.

Vanquished Creatures
  A two-headed ogre (D:8)
  A hippogriff (D:5)
  Sigmund (D:6)
  Eustachio (D:6)
  A black bear (D:7)
  2 phantoms
  A slave (D:7)
  4 ogres
  A centaur (D:7)
  A crimson imp (D:7)
  A hound (D:6)
  3 orc priests
  Crazy Yiuf (D:7)
  A bullfrog skeleton (D:5)
  2 orc wizards (D:3)
  2 worker ants
  A howler monkey skeleton (D:5)
  11 adders
  2 shadow imps
  An adder zombie (D:8)
  2 worms (D:3)
  3 dart slugs
  9 leopard geckos
  18 orcs
  9 bats
  4 giant cockroaches
  6 hobgoblins
  12 jackals
  5 quokkas
  2 ball pythons
  6 frilled lizards
  8 goblins
  5 kobolds
  A leopard gecko skeleton (D:5)
  7 rats
136 creatures vanquished.

Vanquished Creatures (others)
  A fungus (D:8)
1 creature vanquished.

Grand Total: 137 creatures vanquished

Notes
Turn   | Place    | Note
-------+----------+-------------------------------------------
     0 | D:1      | removed the Centaur Wizard began the quest for the Orb.
     0 | D:1      | Reached XP level 1. HP: 14/14 MP: 3/3
    70 | D:1      | Reached skill level 1 in Conjurations
   331 | D:1      | Reached XP level 2. HP: 10/20 MP: 0/5
   338 | D:1      | Reached skill level 2 in Conjurations
   690 | D:1      | Learned a level 2 spell: Blink
  1354 | D:2      | Found an opulent altar of Gozag.
  1618 | D:2      | Found Gozag's Platinum Reserve.
  1671 | D:2      | Reached XP level 3. HP: 26/26 MP: 1/6
  1858 | D:2      | Reached skill level 3 in Conjurations
  1979 | D:2      | Reached XP level 4. HP: 21/33 MP: 0/7
  2120 | D:2      | Found an iron altar of Okawaru.
  2271 | D:3      | Learned a level 3 spell: Conjure Flame
  2308 | D:3      | Reached skill level 4 in Conjurations
  2436 | D:3      | Found a glowing drain.
  2520 | Sewer    | Entered a sewer
  2588 | Sewer    | Noticed a crocodile
  3309 | D:3      | Reached XP level 5. HP: 31/38 MP: 0/8
  3843 | D:3      | Reached skill level 5 in Conjurations
  4384 | D:4      | Reached XP level 6. HP: 40/45 MP: 9/9
  4662 | D:4      | Learned a level 3 spell: Mephitic Cloud
  5242 | D:5      | Entered Level 5 of the Dungeon
  5576 | D:5      | Noticed a hippogriff
  5583 | D:5      | Killed a hippogriff
  5583 | D:5      | Reached skill level 6 in Conjurations
  5583 | D:5      | Reached XP level 7. HP: 31/50 MP: 5/10
  5912 | D:5      | Reached skill level 7 in Conjurations
  6014 | D:5      | Found a staircase to the Ecumenical Temple.
  6072 | Temple   | Entered the Ecumenical Temple
  6153 | Temple   | Became a worshipper of Vehumet
  6256 | D:5      | Found a sacrificial altar of Ru.
  6378 | D:5      | Found a glowing golden altar of the Shining One.
  6468 | D:6      | Found a stormy altar of Qazlal.
  6508 | D:6      | Noticed Sigmund
  6519 | D:6      | Killed Sigmund
  6556 | D:6      | Found a glowing golden altar of the Shining One.
  6576 | D:6      | Noticed Eustachio
  6857 | D:6      | Killed Eustachio
  6857 | D:6      | Reached XP level 8. HP: 54/57 MP: 10/14
  7471 | D:7      | Reached skill level 5 in Spellcasting
  7860 | D:7      | Noticed Prince Ribbit
  7930 | D:7      | Reached skill level 1 in Fighting
  8435 | D:7      | Found a runed door.
  8439 | D:7      | Noticed Crazy Yiuf
  8447 | D:7      | Killed Crazy Yiuf
  8556 | D:8      | Noticed a two-headed ogre
  8750 | D:8      | Noticed Pikel
  8945 | D:8      | Killed a two-headed ogre
  8945 | D:8      | Reached skill level 9 in Conjurations
  8945 | D:8      | Reached XP level 9. HP: 44/70 MP: 6/16
  9067 | D:8      | Noticed Erica
  9102 | D:8      | Splashed by an orc warrior's acid

Skill      XL: |  1  2  3  4  5  6  7  8  9 |
---------------+----------------------------+-----
Conjurations   | 1 2 3 4 5 6 7 9 |  9.3
Spellcasting   | 4 5 |  5.0
Fighting       | 3 4 |  4.0
Dodging        | |  1.3
Stealth        | |  1.1
Summonings     | |  0.8
Translocations | |  0.8

Action                   |  1- 3 |  4- 6 |  7- 9 || total
-------------------------+-------+-------+-------++-------
Melee: Club              |    18 |       |       ||    18
       Kick              |     3 |     8 |    12 ||    23
       Hand axe          |    15 |    90 |    57 ||   162
       Trident           |       |       |    71 ||    71
 Cast: Magic Dart        |    71 |   115 |    98 ||   284
       Conjure Flame     |       |     2 |     6 ||     8
       Mephitic Cloud    |       |       |     5 ||     5
  Use: Scroll            |       |     3 |     3 ||     6
       Potion            |       |       |     1 ||     1
 Stab: Confused          |       |       |     1 ||     1
  Eat: Chunk             |     2 |    11 |    10 ||    23
Armor: Robe              |    25 |    53 |    21 ||    99
Dodge: Dodged            |    21 |    62 |    42 ||   125
Block: Other             |       |    13 |    16 ||    29
